AoeStats
← El.Profesor

Arena

508780295Analyzed
1v1 RM · 9d ago on Sep 24, 2026· 36m 58s· 2 players
Game mode
Random Map
Map size
Tiny (2 player)
Population
200
Speed
Normal
Resources
Standard
Victory
Conquest
Starting age
Dark Age
Ending age
Imperial Age
RankedLock teamsTeams togetherTeam positionsShared explorationLock speedFull tech treeHidden civsTurbo modeCheats
Victory
Defeat
🇦🇷 Bohemians · Argentina
1075
+16
🇺🇸 Danes · United States
1081
-16
El.Profesor
0:27 Loom
12:52 Feudal Age
17:13 Castle Age
15:58 Double-Bit Axe
20:39 Chemistry
23:39 Imperial Age
29:37 Bow Saw
30:39 Town Watch
mustymustard
10:57 Feudal Age
14:54 Castle Age
13:45 Loom
14:24 Double-Bit Axe
14:24 Horse Collar
19:58 Bow Saw
20:36 Scale Mail Armor
24:59 Wheelbarrow
29:11 Heavy Plow
31:57 Imperial Age
32:39 Light Cavalry
33:12 Onager
34:46 Siege Onager
Connection lost

Rejoining the realm…

Still unreachable

The connection could not be restored.

Session expired

The server has moved on; the page needs a fresh start.